[ PARTIDA AOE2 · #463513591 ]
Team RMBizantinos vs Byzantines
[ ANÁLISIS DE REPETICIÓN · EXTRAÍDO DE LA PARTIDA GRABADA ]
Feudal
—
Castillos
—
Imperial
—
| APM promedio | 40.5 |
| APM pico | 51 |
| eAPM promedio | 9.2 |
| Aldeanos / militares | 5 / 0 |
Foco
⚔️ 0.0% · 🌾 100.0%
Feudal
—
Castillos
—
Imperial
—
| APM promedio | 40.5 |
| APM pico | 42 |
| eAPM promedio | 12.9 |
| Aldeanos / militares | 4 / 0 |
Foco
⚔️ 18.2% · 🌾 81.8%
Feudal
—
Castillos
—
Imperial
—
| APM promedio | 25.2 |
| APM pico | 39 |
| eAPM promedio | 8.6 |
| Aldeanos / militares | 4 / 0 |
Foco
⚔️ 0.0% · 🌾 100.0%
Feudal
—
Castillos
—
Imperial
—
| APM promedio | 90.3 |
| APM pico | 104 |
| eAPM promedio | 9.8 |
| Aldeanos / militares | 4 / 0 |
Foco
⚔️ 9.1% · 🌾 90.9%
Feudal
—
Castillos
—
Imperial
—
| APM promedio | 44.8 |
| APM pico | 43 |
| eAPM promedio | 8.0 |
| Aldeanos / militares | 4 / 0 |
Foco
⚔️ 0.0% · 🌾 100.0%
Feudal
—
Castillos
—
Imperial
—
| APM promedio | 71.2 |
| APM pico | 86 |
| eAPM promedio | 11.1 |
| Aldeanos / militares | 4 / 0 |
Foco
⚔️ 0.0% · 🌾 100.0%
Feudal
—
Castillos
—
Imperial
—
| APM promedio | 22.1 |
| APM pico | 34 |
| eAPM promedio | 8.6 |
| Aldeanos / militares | 4 / 0 |
Foco
⚔️ 0.0% · 🌾 100.0%
Feudal
—
Castillos
—
Imperial
—
| APM promedio | 21.5 |
| APM pico | 30 |
| eAPM promedio | 11.7 |
| Aldeanos / militares | 5 / 0 |
Foco
⚔️ 0.0% · 🌾 100.0%
Mapa de la partida
Recursos iniciales + cada clic de construcción. Líneas = muros · curvas = relieve. ◆ oro · ⬟ piedra · ● bayas · ✦ reliquia · ◌ hueco del cierre
Tu base
Base de Havsutsikt
Base de Scorpison
Base de Blaich
Base de [GER]MadMaXX
Base de Lord Pittbull
Base de Julian X!
Base de [CU] MatthiasKF
Terreno inicial suavizado · ◌ = hueco del cierre detectado · pasá el cursor para detalles
Inputs por minuto
— Sir Percival - - Havsutsikt
Build order — Sir Percival
7 acciones detectadas en el replay
| 0:02 | Crear | Villager (Male) |
| 0:02 | Crear | Villager (Male) |
| 0:05 | Construir | House |
| 0:07 | Construir | House |
| 0:33 | Crear | Villager (Male) |
| 0:34 | Crear | Villager (Male) |
| 1:25 | Crear | Villager (Male) |
Build order — Havsutsikt
4 acciones detectadas en el replay
| 0:15 | Crear | Villager (Male) ×4 |
| 0:18 | Construir | House |
| 0:20 | Construir | House |
| 1:16 | Construir | Dock |
Build order — Scorpison
3 acciones detectadas en el replay
| 0:02 | Construir | Mill |
| 0:03 | Construir | Mill |
| 0:13 | Crear | Villager (Male) ×4 |
Build order — Blaich
6 acciones detectadas en el replay
| 0:02 | Construir | House |
| 0:04 | Construir | House |
| 0:18 | Crear | Villager (Male) |
| 0:18 | Crear | Villager (Male) |
| 0:18 | Crear | Villager (Male) |
| 0:18 | Crear | Villager (Male) |
Build order — [GER]MadMaXX
6 acciones detectadas en el replay
| 0:02 | Crear | Villager (Male) |
| 0:02 | Crear | Villager (Male) |
| 0:03 | Crear | Villager (Male) |
| 0:03 | Crear | Villager (Male) |
| 0:04 | Construir | House |
| 0:04 | Construir | House |
Build order — Lord Pittbull
3 acciones detectadas en el replay
| 0:01 | Crear | Villager (Male) ×4 |
| 0:02 | Construir | House |
| 0:03 | Construir | House |
Build order — Julian X!
6 acciones detectadas en el replay
| 0:04 | Construir | House |
| 0:05 | Construir | House |
| 0:05 | Crear | Villager (Male) |
| 0:05 | Crear | Villager (Male) |
| 0:06 | Crear | Villager (Male) |
| 0:06 | Crear | Villager (Male) |
Build order — [CU] MatthiasKF
8 acciones detectadas en el replay
| 0:02 | Crear | Villager (Male) |
| 0:03 | Crear | Villager (Male) |
| 0:03 | Crear | Villager (Male) |
| 0:03 | Crear | Villager (Male) |
| 0:03 | Crear | Villager (Male) |
| 0:07 | Construir | House |
| 0:08 | Construir | House |
| 0:08 | Construir | House |
Cronología de la partida
| 1:12 | Scorpison · resign |
| 1:16 | Havsutsikt · first_building Dock |
[ ANÁLISIS IA · 1 CRÉDITO ]
¿Qué pasó realmente en esta partida?
Wolo.gg analiza cada decisión: build order, eco, micro, errores típicos por bracket. Análisis personalizado por WhatsApp o Discord en 30 segundos.
Guía civ
Bizantinos
Guía mapa
MegaRandom
Perfil
Jugador #261777